 Dungeon Crawl Stone Soup version 0.21-a0-278-ga722497 (webtiles) character file.

332 vishdafish the Skirmisher (level 6, 0/43 HPs)
             Began as a Demonspawn Fighter on Sept 22, 2017.
             Was a Believer of Hepliaklqana.
             Killed from afar by an orc wizard (6 damage)
             ... with a magic dart
             ... on level 3 of the Dungeon.
             The game lasted 00:04:59 (2481 turns).

vishdafish the Skirmisher (Demonspawn Fighter)      Turns: 2481, Time: 00:05:01

Health: 0/43       AC: 11    Str: 18    XL:     6   Next: 26%
Magic:  6/6        EV:  7    Int:  9    God:    Hepliaklqana [**....]
Gold:   191        SH: 10    Dex: 13    Spells: 5/5 levels left

rFire    . . .     SeeInvis .   a - +1 long sword
rCold    . . .     Gourm    .   c - +1 shield
rNeg     . . .     Faith    .   b - +0 scale mail
rPois    .         Spirit   .   (helmet restricted)
rElec    .         Reflect  .   t - +0 cloak
rCorr    .         Harm     .   (no gloves)
MR       .....                  (no boots)
Stlth    ..........             (no amulet)
HPRegen  0.14/turn              (no ring)
MPRegen  0.10/turn              (no ring)

@: no status effects
A: reduced essence, horns 1, slimy green scales 2
a: Recall Ancestor, Ancestor Identity, Renounce Religion


You were on level 3 of the Dungeon.
You worshipped Hepliaklqana.
Hepliaklqana was pleased with you.
You were not hungry.

You visited 1 branch of the dungeon, and saw 4 of its levels.

You collected 191 gold pieces.

Inventory:

Hand Weapons
 a - a +1 long sword (weapon)
Missiles
 i - 8 javelins of returning (quivered)
Armour
 b - a +0 scale mail (worn)
 c - a +1 shield (worn)
 t - a +0 cloak (worn)
Wands
 n - a wand of lightning (3/15)
 u - a wand of polymorph (8/24)
Scrolls
 e - a scroll of enchant armour
 g - 2 scrolls of magic mapping
 p - 2 scrolls of blinking {unknown}
 q - a scroll of random uselessness {unknown}
 r - a scroll of identify {unknown}
 s - a scroll of fear {unknown}
 v - a scroll of recharging {unknown}
Potions
 d - 2 potions of might
 j - 7 potions of curing {unknown}
 k - a potion of experience {unknown}
 l - a potion of mutation {unknown}
 m - 2 potions of agility {unknown}
Comestibles
 f - 3 bread rations
 h - 2 fruits
 o - a meat ration


   Skills:
 + Level 4.1 Fighting
 + Level 3.9 Long Blades
 + Level 3.3 Armour
 + Level 1.0 Dodging
 + Level 0.4 Stealth
 + Level 3.8 Shields


You had 5 spell levels left.
You didn't know any spells.

Dungeon Overview and Level Annotations

Branches:
Dungeon (4/15)
 Temple: D:4-7

Altars:
Hepliaklqana
Ru


Innate Abilities, Weirdness & Mutations

You have a pair of small horns on your head.
You are mostly covered in slimy green scales. (AC +3)
Your life essence is reduced to manifest your ancestor. (-10% HP)


Message History

The quokka skeleton is destroyed!
There is a stone staircase leading up here.
You block the orc wizard's attack.
The orc wizard hits you but does no damage.
The orc closely misses Simosihle.
You climb upwards.
There is a stone staircase leading down here.
You don't know any spells.
Evoke which item? (* to show all) (? for menu, Esc to quit)
Aiming: Lightning Bolt (will waste charges)
Press: ? - help, Shift-Dir - straight line, f - orc wizard
Aim: an orc wizard, wielding a dagger of speed and wearing a robe (fast)
You hear a mighty clap of thunder!
The bolt of lightning hits the orc wizard.
The orc wizard is severely wounded.
Evoking this partially-identified wand wasted a few charges.
The orc wizard hits you but does no damage.
The orc wizard casts a spell at you. The magic dart hits you!
You die...

##.##############.# #.#.#.#.##.#
...#.....# #....# #.#.#.#....#
####.....#####....## #.#.#...####
.......)...........###.#.#.......
##'#####............##.#.#.#R####
#.# #............##<#.#.#.# #.#
#............####.#.#.# #.#
#.......#.#..# #.#.#.# #.#
#.......o@...# #.#.#.# #.#
#####รท..#.#..# #.#.#.# #.#
#...........# #.#.#.# ##.#
#.##........# #.#.#.#### ##.#
#.##....##### #.#.#.....
##.######.##....########.#.######
##........########.......#.#
'..........................#
##........#..............###


You could see an orc wizard.

Vanquished Creatures
  An orc wizard (D:3)
  Natasha (thrice) (D:3)
  5 adders
  An ooze (D:2)
  2 worms (D:2)
  3 dart slugs
  3 orcs
  8 giant cockroaches
  9 hobgoblins
  9 kobolds
  2 quokkas (D:2)
  5 bats
  2 frilled lizards
  8 goblins
  11 rats
72 creatures vanquished.

Vanquished Creatures (collateral kills)
  Crazy Yiuf (D:3)
  An orc priest (D:4)
  3 adders
  A worm (D:3)
  A leopard gecko (D:3)
  2 hobgoblins (D:3)
  A quokka (D:3)
  2 bats (D:2)
  A quokka skeleton (D:4)
13 creatures vanquished.

Grand Total: 85 creatures vanquished

Notes
Turn   | Place    | Note
-------+----------+-------------------------------------------
     0 | D:1      | vishdafish the Demonspawn Fighter began the quest for the Orb.
     0 | D:1      | Reached XP level 1. HP: 18/18 MP: 1/1
   174 | D:1      | Gained mutation: You are partially covered in slimy green scales. (AC +2) [demonic ancestry]
   174 | D:1      | Reached XP level 2. HP: 18/24 MP: 2/2
   752 | D:2      | Gained mutation: You have a pair of small horns on your head. [demonic ancestry]
   752 | D:2      | Reached XP level 3. HP: 29/29 MP: 3/3
   855 | D:2      | Found a faded altar of an unknown god.
   919 | D:2      | Became a worshipper of Hepliaklqana the Forgotten
   919 | D:2      | Reached * piety under Hepliaklqana
  1022 | D:2      | Reached XP level 4. HP: 33/33 MP: 4/4
  1595 | D:3      | Found a sacrificial altar of Ru.
  1639 | D:3      | Noticed Natasha
  1645 | D:3      | Killed Natasha
  1645 | D:3      | Gained mutation: You are mostly covered in slimy green scales. (AC +3) [demonic ancestry]
  1645 | D:3      | Reached XP level 5. HP: 35/37 MP: 5/5
  1651 | D:3      | Reached ** piety under Hepliaklqana
  1656 | D:3      | Remembered your ancestor Simosihle as a battlemage
  1829 | D:3      | Noticed Natasha
  1834 | D:3      | Killed Natasha
  1841 | D:3      | Found a runed door.
  1917 | D:3      | Noticed Crazy Yiuf
  1923 | D:3      | Killed Crazy Yiuf
  1955 | D:3      | Noticed Natasha
  1967 | D:3      | Killed Natasha
  1967 | D:3      | Reached skill level 4 in Fighting
  1967 | D:3      | Reached XP level 6. HP: 43/43 MP: 6/6
  2476 | D:4      | Reached skill level 1 in Dodging
  2481 | D:3      | Killed from afar by an orc wizard

Vault maps used:
D:1:      dpeg_arrival_tiny_a, solitary_fountain
D:2:      chequers_ecumenical_altar_simple_redux, minmay_pentomino_o4
D:3:      first_bread, fountainhead, st_stairs_14,
          nicolae_ru_sacrificial_ziggurat, uniq_natasha, uniq_crazy_yiuf_cottage
D:4:      roderic_batcave

Skill      XL: |  1  2  3  4  5  6 |
---------------+-------------------+-----
Shields        | 3 |  3.8
Long Blades    | 2 3 |  3.9
Armour         | 3 |  3.3
Fighting       | 4 |  4.1
Dodging        | 1 |  1.0
Stealth        | |  0.4

Action                   |  1- 3 |  4- 6 || total
-------------------------+-------+-------++-------
Melee: Long sword        |   107 |   109 ||   216
       Headbutt          |     9 |    12 ||    21
Invok: Ancestor Life: Ba |       |     1 ||     1
Evoke: Wand              |       |     1 ||     1
  Use: Scroll            |     4 |     1 ||     5
 Stab: Distracted        |       |     1 ||     1
  Eat: Chunk             |       |     5 ||     5
Armor: Scale mail        |    59 |    46 ||   105
       Skin              |       |     5 ||     5
Dodge: Dodged            |     7 |    18 ||    25
Block: Shield            |    53 |    49 ||   102
       Rpst.: Long sword |     5 |     5 ||    10

Table legend:
 A = Spawn XP
 B = Non-spawn XP
 C = Spawn XP percentage of total XP
 D = Spawn monster count
 E = Non-spawn monster count
 F = Spawn count percentage of total count
 G = Total turns spent on level
                    A         B        C        D         E        F      G
               +---------+---------+-------+---------+---------+-------+---------
         Total |       0 |     475 |   0.0 |       0 |      85 |   0.0 |  2481
               +---------+---------+-------+---------+---------+-------+---------
           D:1 |       0 |      39 |   0.0 |       0 |      23 |   0.0 |   744
           D:2 |       0 |      99 |   0.0 |       0 |      30 |   0.0 |   735
           D:3 |       0 |     293 |   0.0 |       0 |      29 |   0.0 |   990
           D:4 |       0 |      44 |   0.0 |       0 |       3 |   0.0 |    12
               +---------+---------+-------+---------+---------+-------+---------
